 Dungeon Crawl Stone Soup version 0.18-a0-917-g8a3da5b (webtiles) character file.

70 cluie the Firebug (level 4, 30/30 HPs)
             Began as a Demonspawn Fire Elementalist on Dec 26, 2015.
             Quit the game on level 2 of the Dungeon.
             The game lasted 00:02:24 (1133 turns).

cluie the Firebug (Demonspawn Fire Elementalist)    Turns: 1133, Time: 00:02:24

Health: 30/30      AC:  2    Str:  9    XL:     4   Next: 4%
Magic:  7/7        EV: 12    Int: 17    God:
Gold:   53         SH:  0    Dex: 13    Spells: 1 memorised, 7 levels left

rFire  . . .     SeeInvis .     d - +0 short sword
rCold  . . .     Gourm    .     a - +0 robe
rNeg   . . .     Faith    .     (no shield)
rPois  .         Spirit   .     l - +0 hat
rElec  .         Dismiss  .     (no cloak)
rCorr  .         Reflect  .     (no gloves)
SustAt .         Harm     .     (no boots)
MR     .....                    n - amulet of regeneration
Stlth  ++........               (no ring)
                                (no ring)

@: not resistant to hostile enchantments, unstealthy
A: powered by pain 1, spiny 1
a: no special abilities


You were on level 2 of the Dungeon.
You were not hungry.

You visited 1 branch of the dungeon, and saw 2 of its levels.

You collected 53 gold pieces.

Inventory:

Hand Weapons
 d - a +0 short sword (weapon)
Armour
 a - a +0 robe (worn)
 l - a +0 hat (worn)
Jewellery
 n - an amulet of regeneration (around neck)
Scrolls
 e - a scroll of enchant weapon {unknown}
 f - 3 scrolls of noise {unknown}
 g - a scroll of identify {unknown}
 h - a scroll of amnesia {unknown}
 j - a scroll of teleportation {unknown}
 m - a scroll of random uselessness {unknown}
 q - a scroll of magic mapping {unknown}
Potions
 i - a potion of resistance {unknown}
 k - a potion of brilliance {unknown}
 o - a potion of curing {unknown}
 p - a potion of lignification {unknown}
 r - a potion of experience {unknown}
 s - a potion of magic {unknown}
Books
 b - a book of Flames

   Spells                             Type                      Level
   a - Flame Tongue                   Conjuration/Fire             1
   b - Throw Flame                    Conjuration/Fire             2
   c - Conjure Flame                  Conjuration/Fire             3
   d - Inner Flame                    Hexes/Fire                   3
   e - Sticky Flame                   Conjuration/Fire             4
   f - Fireball                       Conjuration/Fire             5
Comestibles
 c - 4 bread rations
 t - a chunk of flesh


   Skills:
 - Level 1.7 Dodging
 - Level 1.7 Stealth
 + Level 2.5 Spellcasting
 * Level 2.6 Conjurations
 * Level 3.4 Fire Magic


You had 7 spell levels left.
You knew the following spells:

 Your Spells              Type           Power        Failure   Level  Hunger
a - Flame Tongue          Conj/Fire      ##...        6%          1    #......


Dungeon Overview and Level Annotations

Branches:
Dungeon (2/15)

Altars:
Fedhas


Innate Abilities, Weirdness & Mutations

You sometimes gain a little power by taking damage.
You are partially covered in sharp spines.


Message History

No target in view!
No target in view!
No target in view!
No target in view!
Things that are here:
a dagger of speed; a goblin corpse You now have 53 gold pieces (gained 10).
You see here a jackal corpse.
Things that are here:
a dagger of speed; a goblin corpse You butcher the goblin corpse.
t - 2 chunks of flesh You see here a dagger of speed.
Eat one of 2 chunks of flesh? (ye/n/q/i?) This raw flesh tastes terrible.
You continue eating. x2
Saving game... please wait.
Welcome back, cluie the Demonspawn Fire Elementalist.
Press ? for a list of commands and other information.
Are you sure you want to abandon this character and quit the game? (Confirm with "yes".)

.#............#......#
.#.........[####+#####
.#####.#........+####
##.....+.............
...###.#..........#
...###+#..........#
...........##.....#####
......((..[...........#
...)............@.....#
................†.....#
......................#
......................#
..............(.......#
......................#
......................#
###########...........#
# #...........#


There were no monsters in sight!

Vanquished Creatures
  Robin (D:2)
  An adder (D:2)
  A worm (D:2)
  2 giant geckos (D:2)
  A ball python (D:2)
  3 bats
  A giant cockroach (D:1)
  7 hobgoblins (D:2)
  10 jackals
  3 giant newts
  9 goblins
  A kobold (D:1)
  2 rats (D:1)
42 creatures vanquished.

Notes
Turn   | Place    | Note
--------------------------------------------------------------
     0 | D:1      | cluie the Demonspawn Fire Elementalist began the quest for the Orb.
     0 | D:1      | Reached XP level 1. HP: 13/13 MP: 3/3
   277 | D:1      | Gained mutation: You are partially covered in sharp spines. [demonic ancestry]
   277 | D:1      | Reached XP level 2. HP: 2/19 MP: 0/5
   278 | D:1      | hahaha
   374 | D:1      | Reached skill level 3 in Fire Magic
   727 | D:2      | Gained mutation: You sometimes gain a little power by taking damage. [demonic ancestry]
   727 | D:2      | Reached XP level 3. HP: 17/24 MP: 3/6
   747 | D:2      | Noticed Robin
   760 | D:2      | HP: 1/24 [Robin/falchion (1)]
   761 | D:2      | Killed Robin
  1049 | D:2      | Found a blossoming altar of Fedhas.
  1121 | D:2      | Reached XP level 4. HP: 30/30 MP: 7/7
  1133 | D:2      | Quit the game

Vault maps used:
D:1:      noname_arrival_rooms_in_the_neighbourhood
D:2:      first_bread, fedhas_altar_3, uniq_robin

Action                   |  1- 3 |  4- 6 || total
-------------------------+-------+-------++-------
Melee: Unarmed           |    31 |       ||    31
       Short sword       |    37 |     1 ||    38
 Cast: Flame Tongue      |    17 |       ||    17
  Eat: Chunk             |       |     1 ||     1
